 Dungeon Crawl Stone Soup version 0.31-a0-268-g4392ee761c (webtiles) character file.

Game seed: 3406282255085097014

109 qw the Shooter (level 4, -1/37 HPs)
             Began as a Minotaur Hexslinger on July 14, 2023.
             Slain by a goblin
             ... wielding a +0 club
             ... led by Robin
              (4 damage)
             ... on level 2 of the Dungeon.
             The game lasted 00:00:28 (1156 turns).

qw the Shooter (Minotaur Hexslinger)                Turns: 1156, Time: 00:00:28

Health: -1/37      AC:  2    Str: 13    XL:     4   Next: 59%
Magic:  4/4        EV: 12    Int: 10    God:
Gold:   61         SH:  0    Dex: 14    Spells: 4/5 levels left

rFire   . . .        Y - +1 sling
rCold   . . .        (no shield)
rNeg    . . .        c - +0 robe
rPois   .            (helmet restricted)
rElec   .            (no cloak)
rCorr   .            (no gloves)
SInv    .            (no boots)
Will    .....        (no amulet)
Stlth   +            (no ring)
HPRegen 0.26/turn    (no ring)
MPRegen 0.09/turn

%: no passive effects
@: no status effects
A: horns 2, retaliatory headbutt
a: no special abilities


You were on level 2 of the Dungeon.
You visited 1 branch of the dungeon, and saw 2 of its levels.

You collected 61 gold pieces.


Innate Abilities, Weirdness & Mutations

You have a pair of horns on your head.
You reflexively headbutt those who attack you in melee.


   Skills:
 + Level 2.4 Fighting
 - Level 5.0 Ranged Weapons
 - Level 2.1 Dodging
 - Level 1.0 Spellcasting
 - Level 2.0 Hexes


You had 4 spell levels left.
You knew the following spells:

 Your Spells              Type           Power      Damage    Failure   Level
a - Slow                  Hex            16%        N/A       16%         1

Your spell library contained the following spells:

 Spells                   Type           Power      Damage    Failure   Level
 Inner Flame              Hex/Fire       2%         N/A       56%         3
 Portal Projectile        Hex/Tloc       4%         N/A       56%         3
 Cause Fear               Hex            2%         N/A       83%         4

Inventory:

Hand Weapons
 Y - a +1 sling (weapon)
Armour
 c - a +0 robe (worn)
Scrolls
 a - a scroll of fear {unknown}
 b - a scroll of identify {unknown}
Potions
 d - 2 potions of mutation {unknown}
 g - a potion of resistance {unknown}

Dungeon Overview and Level Annotations

Branches:
Dungeon (2/15)

Altars:

Annotations:
D:2 Robin


Message History

You shoot a sling bullet.
The sling bullet closely misses the goblin.
Robin throws the goblin at you! The goblin closely misses you.
The hobgoblin barely misses you. You furiously retaliate!
You headbutt the hobgoblin. The goblin closely misses you.
The goblin hits you with a +0 club. x2; The hobgoblin barely misses you.
You shoot a sling bullet.
The sling bullet barely misses the hobgoblin.
The sling bullet closely misses the goblin.
The sling bullet hits the goblin.
You kill the goblin!
The goblin hits you with a +0 club. The goblin barely misses you.
The hobgoblin misses you.
You shoot a sling bullet. The sling bullet hits the hobgoblin.
You kill the hobgoblin!
The goblin hits you with a +0 club. x2
You shoot a sling bullet. The sling bullet hits the goblin!
You kill the goblin!
The goblin closely misses you.
You shoot a sling bullet.
The sling bullet barely misses the goblin.
The goblin misses you. The goblin barely misses you. You furiously retaliate!
You headbutt the goblin.
You kill the goblin!
You shoot a sling bullet. The sling bullet hits the goblin.
The goblin is moderately wounded.
Robin says, "Kneel, worm!"
The goblin misses you. The goblin hits you with a +0 club.
You shoot a sling bullet. The sling bullet hits the goblin.
The goblin is severely wounded.
The goblin hits you with a +0 club. The goblin barely misses you.
You furiously retaliate!
You headbutt the goblin. The goblin barely misses you.
You shoot a sling bullet. The sling bullet hits the goblin.
You kill the goblin!
The goblin no longer looks unusually strong.
Robin roars a battlecry!
The goblin goes into a battle-frenzy!
The goblin closely misses you. You furiously retaliate!
You headbutt the goblin. The goblin hits you with a +0 club.
You die...

#.....##.#.##.....#.#
#........#.##...#.#.#
#.###.####.###..#.#.#
#.# #.# #.# #....#.#
#.# #.## #.###)####.#
#.###..###....(.....#
#...................#
########g#..###.###.#
#@g..# .# #
#)##.....# .g.#######
..).# ...).# ....(.#
.......# #........


You could see Robin and 2 goblins.

Vanquished Creatures
  Jessica (D:2)
  3 adders (D:2)
  A worm (D:2)
  2 dart slugs
  3 ball pythons
  4 endoplasms (D:1)
  A giant cockroach (D:1)
  11 goblins
  6 hobgoblins (D:2)
  5 quokkas
  3 bats
  A frilled lizard (D:1)
  4 kobolds
  A rat (D:1)
46 creatures vanquished.

Notes
Turn   | Place    | Note
-------+----------+-------------------------------------------
     0 | D:1      | qw the Minotaur Hexslinger began the quest for the Orb.
     0 | D:1      | Reached XP level 1. HP: 16/16 MP: 1/1
     0 | D:1      | 0 ||| qw: Version: 0.3-a-52-g30416fa
     0 | D:1      | 0 ||| qw: Game counter: 7923
     0 | D:1      | 0 ||| qw: Melee chars always use a shield: true
     0 | D:1      | 0 ||| qw: God list: Okawaru
     0 | D:1      | 0 ||| qw: Allow faded altars: false
     0 | D:1      | 0 ||| qw: Do Orc after clearing Dungeon:15 true
     0 | D:1      | 0 ||| qw: Do second Lair branch before Depths: true
     0 | D:1      | 0 ||| qw: Lair rune preference: random
     0 | D:1      | 0 ||| qw: Goals: Normal
     0 | D:1      | 0 ||| PLANNING D:1-11
   134 | D:1      | Reached skill level 3 in Ranged Weapons
   137 | D:1      | Reached XP level 2. HP: 23/23 MP: 2/2
   578 | D:1      | 578 ||| READING scroll labelled MOTERR EQEAV.
   579 | D:1      | 579 ||| READING scroll labelled ZIUNEVV JOEVOXAT.
   580 | D:1      | 580 ||| DROPPING scroll of poison.
   615 | D:2      | Reached XP level 3. HP: 29/29 MP: 3/3
   726 | D:2      | Reached skill level 4 in Ranged Weapons
   792 | D:2      | Found a faded altar of an unknown god.
   981 | D:2      | Noticed Jessica
   983 | D:2      | Reached XP level 4. HP: 35/36 MP: 4/4
   989 | D:2      | Killed Jessica
   990 | D:2      | Reached skill level 5 in Ranged Weapons
  1142 | D:2      | Noticed Robin
  1151 | D:2      | HP: 8/36 [goblin/+0 club[Robin] (5)]
  1155 | D:2      | HP: 3/37 [goblin/+0 club[Robin] (2)]
  1156 | D:2      | Slain by a goblin

Levels and vault maps discovered:
D:1:      minmay_arrival_solitary_statue, layout_loops_ring
D:2:      layout_basic, shapermc_ecumenical_altar_venn, uniq_robin, uniq_jessica

Skill      XL: |  1  2  3  4 |
---------------+-------------+-----
Ranged Weapons | 3 4 5 |  5.0
Fighting       | 2 |  2.4
Dodging        | |  2.1
Spellcasting   | |  1.0
Hexes          | |  2.0

Action                     |  1- 3 |  4- 6 || total
---------------------------+-------+-------++-------
   Fire: Sling             |   105 |    23 ||   128
    Use: Scroll            |     2 |       ||     2
 Armour: Robe              |    10 |     1 ||    11
  Dodge: Dodged            |    25 |    19 ||    44

Table legend:
 A = Non-vault XP
 B = Vault XP
 C = Vault XP percentage of total XP
 D = Non-vault monster count
 E = Vault monster count
 F = Vault count percentage of total count
                 A         B        C        D         E       F
            +---------+---------+-------+---------+---------+-------
      Total |     104 |      54 |  34.2 |      36 |      10 |  21.7
            +---------+---------+-------+---------+---------+-------
        D:1 |      36 |       0 |   0.0 |      20 |       0 |   0.0
        D:2 |      68 |      54 |  44.3 |      16 |      10 |  38.5
            +---------+---------+-------+---------+---------+-------
